[Event "13th Chennai Open 2022"]
[Site "Chennai"]
[Date "2022.06.20"]
[Round "3.1"]
[White "Manigandan, S S"]
[Black "Savchenko, Boris"]
[Result "0-1"]
[ECO "E15"]
[WhiteElo "2122"]
[BlackElo "2524"]
[Annotator "TA"]
[PlyCount "90"]
[EventDate "2022.06.19"]
[EventType "swiss"]
[EventCountry "IND"]
[SourceTitle "playchess.com"]
[Source "ChessBase"]
[SourceQuality "1"]
[TimeControl "5400+30"]

1. d4 Nf6 2. c4 e6 3. Nf3 b6 4. g3 Ba6 5. Qa4 Bb7 6. Bg2 c5 7. dxc5 Bxc5 8. O-O O-O 9. Nc3 Qe7 {[%emt 0:03:50] E15: Queen's Indian: 4 g3 sidelines, 4 g3 Ba6 and 4 g3 Bb7 early deviations.} 10. Bf4 d5 11. cxd5 {[%emt 0:01:17] [#]} exd5 $146 {[%emt 0:01:00] White is slightly better.} ({Predecessor:} 11... Nxd5 12. Nxd5 Bxd5 13. Be5 Nd7 14. Bc3 a6 15. Rfd1 b5 16. Qf4 Nf6 17. Bxf6 Qxf6 18. Qxf6 gxf6 {½-½ (33) Borgula,R (2223)-Kolodziejski,P (2048) Sypniewo 2021}) 12. Rfd1 Nbd7 13. Nd4 a6 14. Nf5 Qe6 15. Nd4 (15. Ne3 $14) 15... Qg4 (15... Qe7 $1 $11 {remains equal.}) 16. h3 Qg6 17. b4 b5 18. Qb3 Bxd4 19. Rxd4 Nb6 20. a4 bxa4 21. Nxa4 Nxa4 22. Qxa4 h6 23. Rc1 Rfc8 24. Rdd1 Ne4 25. Qd7 Bc6 26. Bxe4 dxe4 27. Qd6 Qxd6 28. Bxd6 Ba4 29. Re1 Rd8 30. Bc5 Rd2 31. g4 Bb5 32. Kf1 Rad8 33. Bb6 R8d7 34. Bc5 g5 35. Bb6 Rb2 36. Bc5 Kg7 {[%emt 0:01:05] Black is more active.} 37. Rc3 {[%emt 0:00:31] [#]} ({White should try} 37. Kg2 $15) 37... Rxe2 $1 $17 38. Rxe2 (38. Rcc1 $17) 38... Rd1+ $19 {[%emt 0:00:08][%mdl 64] Deflection} 39. Kg2 Bxe2 {[%emt 0:00:07][%mdl 4096] Endgame KRB-KRB} 40. f3 Bxf3+ 41. Kf2 Rd2+ 42. Ke1 Rh2 43. Bd4+ Kf8 44. Rc7 $2 (44. Ra3) 44... e3 {[%emt 0:00:00][%cal Rh2h1] [#]} 45. Bc5+ Kg8 {[%emt 0:00:00] Weighted Error Value: White=0.29 (precise) /Black=0.11 (very precise)} 0-1

[Event "13th Chennai Open 2022"]
[Site "Chennai"]
[Date "2022.06.20"]
[Round "3.2"]
[White "Fedorov, Alexei"]
[Black "Vignesh B"]
[Result "1/2-1/2"]
[ECO "C54"]
[WhiteElo "2529"]
[BlackElo "2072"]
[Annotator "TA"]
[PlyCount "59"]
[EventDate "2022.06.19"]
[EventType "swiss"]
[EventCountry "IND"]
[SourceTitle "playchess.com"]
[Source "ChessBase"]
[SourceQuality "1"]
[TimeControl "5400+30"]

1. e4 e5 2. Nf3 Nc6 3. Bc4 Bc5 4. c3 Nf6 5. d3 d6 6. Nbd2 O-O {[%emt 0:00:00] 6...a5 is a critical line.} 7. h3 {[%emt 0:01:45] C54: Giuoco Piano: 4 c3 Nf6, main lines with 5 d4 and 5 d3.} a5 8. Nf1 Be6 9. Bxe6 fxe6 10. Ng3 a4 11. O-O {[%emt 1:23:42] [#]} Bb6 $146 ({Predecessor:} 11... Ba7 12. d4 exd4 13. cxd4 Qe8 14. Be3 d5 15. e5 Nh5 16. Ne2 Rxf3 17. gxf3 {1-0 (17) Oratovsky,M (2467)-Mikhalevski,V (2565) Ramat Gan 2018}) 12. d4 Qe8 13. Be3 exd4 14. cxd4 Nh5 15. Nxh5 Qxh5 16. a3 {[%emt 0:01:00] The position is equal.} Qg6 17. d5 {[%emt 0:00:00] [#] And now Bxb6 would win.} Bxe3 18. fxe3 Ne7 19. Qd4 exd5 20. exd5 Nf5 21. Qd3 Rae8 22. Rae1 Ng3 23. Qxg6 hxg6 24. Rf2 Ne4 25. Rc2 Rf7 26. Rc4 Rxf3 27. Rxe4 Rxe4 28. gxf3 Rc4 {[%emt 0:00:00] Strongly threatening ...Rc2.} 29. Re2 {[%emt 0:00:00] Prevents Rc2.} Kf7 30. Kf2 {[%emt 0:00:00] An even fight not without its subleties.  Weighted Error Value: White=0.03 (flawless) /Black=0.04 (flawless)} 1/2-1/2

[Event "13th Chennai Open 2022"]
[Site "Chennai"]
[Date "2022.06.20"]
[Round "3.3"]
[White "Aronyak Ghosh"]
[Black "Nguyen, Thanh Thuy Tien"]
[Result "0-1"]
[ECO "A13"]
[WhiteElo "2494"]
[BlackElo "1996"]
[Annotator "TA"]
[PlyCount "84"]
[EventDate "2022.06.19"]
[EventType "swiss"]
[EventCountry "IND"]
[SourceTitle "playchess.com"]
[Source "ChessBase"]
[SourceQuality "1"]
[TimeControl "5400+30"]

1. Nf3 Nf6 2. c4 e6 3. g3 d5 4. Bg2 d4 5. O-O c5 6. e3 Nc6 7. exd4 cxd4 8. d3 h6 {[%emt 0:02:28] A13: English Opening: 1...e6.} 9. Re1 (9. Bf4 $142) 9... Bd6 $11 10. b3 O-O {[%emt 0:06:41] The position is equal.} 11. Ba3 Re8 12. c5 Bf8 {[%emt 0:03:03] [#]} 13. Nbd2 $146 ({Predecessor:} 13. b4 a5 14. Qa4 Nxb4 15. Bxb4 Bd7 16. Qc2 axb4 17. Nxd4 Ba4 18. Qc4 Ra5 19. Nd2 Rxc5 20. Qxb4 {1-0 (41) Nikitenko,M (2452)-Todorovic,G (2425) Novi Sad 2021}) 13... Nd5 14. Ne5 Nxe5 15. Rxe5 Qc7 16. Nc4 f6 (16... Nc3 $11 17. Qh5 Rd8) 17. Qh5 $14 Rd8 {[%emt 0:12:37] [#]} 18. Bxd5 $1 exd5 (18... fxe5 19. Be4 g5 20. Nd6 $16 (20. Qg6+ Qg7 $14)) 19. Rxd5 Bg4 {[%emt 0:00:22] [#]} 20. Rxd8 $1 Bxh5 21. Rxa8 {[%emt 0:00:03] And now c6 would win.} Kf7 $1 22. Re1 {[%emt 0:14:53] Black must now prevent Ree8.} (22. Rxa7 $5 Bf3 23. Nd2 $14) 22... Bxc5 23. Bxc5 Qxc5 {[%emt 0:00:07] Dancing on a razor blade.} 24. Rc8 Qb4 25. Rc7+ $1 Kg6 26. Ree7 Bf3 (26... b5 $1 $11 27. a3 (27. Rxg7+ Kf5 $11) 27... Qxb3 28. Rxg7+ Kf5 29. Rc5+ Ke6 30. Rc6+ Kf5 31. Nd6+ Ke5) 27. Kf1 $4 (27. Rxg7+ $18 {was the only winning move.} Kh5 {[#]} 28. Nd2 $1 ) 27... b5 $40 {[%emt 0:03:13][%mdl 128] Black goes for the king.} 28. Ne5+ (28. Rxg7+ Kf5 29. Rcd7 (29. g4+ $2 Bxg4 30. Rb7 a6 $19) 29... bxc4 30. Rxd4) 28... fxe5 29. Rxg7+ Kh5 30. Rcf7 Bg4 {[%emt 0:00:23] Prevents Rf5+.} 31. Kg2 Qe1 {[%emt 0:00:31][%cal Og4h3] ...Bh3+! is the strong threat.} 32. Rf6 {[%emt 0:02:41] [#]} Bh3+ $1 33. Kf3 Bg4+ 34. Kg2 e4 {[%emt 0:03:06][%cal Og4h3] ( -> ...Bh3+!)} 35. Rxg4 Kxg4 36. dxe4 {[%emt 0:00:04][%mdl 4096] Endgame KQ-KR} Kg5 37. e5 Qe4+ 38. Kh3 Qxe5 {[%emt 0:01:03] Black mates.} 39. f4+ Kxf6 40. fxe5+ Kxe5 41. Kg2 Ke4 42. h4 Ke3 {[%emt 0:00:16] Weighted Error Value: White=1.07/Black=0.44} 0-1

[Event "13th Chennai Open 2022"]
[Site "Chennai"]
[Date "2022.06.20"]
[Round "3.4"]
[White "Prasannaa.s"]
[Black "Deepan Chakkravarthy J."]
[Result "1/2-1/2"]
[ECO "B22"]
[WhiteElo "2164"]
[BlackElo "2478"]
[Annotator "TA"]
[PlyCount "108"]
[EventDate "2022.06.19"]
[EventType "swiss"]
[EventCountry "IND"]
[SourceTitle "playchess.com"]
[Source "ChessBase"]
[SourceQuality "1"]
[TimeControl "5400+30"]

1. e4 c5 2. c3 Nf6 3. e5 Nd5 4. d4 cxd4 5. Nf3 Nc6 6. cxd4 d6 7. Bc4 Nb6 8. Bb5 e6 9. O-O Bd7 {[%emt 0:00:16][%cal Oc6e5] 9...Be7 is not played anymore.} 10. exd6 {[%emt 0:03:46] B22: Sicilian: 2 c3.} Bxd6 11. Nc3 O-O $1 {[%emt 0:02:52] The main line 11...0-0 scores better than 11...Nb4.} 12. Re1 Ne7 13. Bd3 Nbd5 {[%emt 0:08:47] [#]} 14. Ne5 $146 ({Predecessor:} 14. Qe2 Bc6 15. Ne5 Bxe5 16. dxe5 Nxc3 17. bxc3 Qd5 18. f3 Rfd8 19. Bg5 Qxd3 20. Bxe7 Qxe2 21. Rxe2 Rd3 22. Rc1 {1-0 (57) Abdrlauf,E (2373)-Vitiugov,N (2722) Chess.com INT 2020}) 14... Bxe5 15. Rxe5 Bc6 16. Rh5 g6 17. Rh3 Nf5 18. Ne4 Nb4 {[%emt 0:05:58] Pair of Knights!} (18... Nxd4 $5 19. Bh6 e5 $1 $15) 19. Be3 Nxe3 20. fxe3 Kg7 21. Bb1 Nd5 22. Qd2 h5 (22... e5 {seems wilder.} 23. Bc2 f5 24. Nc5 Re8) 23. Bd3 Ne7 24. Nc3 Qd6 25. Rf1 Rad8 26. Qf2 {[%emt 0:00:59] Qf6+ is the strong threat.} e5 27. Ne2 f5 28. Qh4 Qf6 {[%emt 0:02:21] Inhibits Qg5. Strongly threatening ...Qxh4.} 29. Qg3 f4 30. dxe5 $1 fxg3 {[%emt 0:00:40][%csl Gf8][%cal Rf6f1][%mdl 64] Discovered Attack} 31. exf6+ Rxf6 32. Nd4 gxh2+ 33. Kxh2 Rxf1 34. Bxf1 {[%emt 0:00:19] aiming for Ne6+.} Bd7 {[%emt 0:01:52] Against Ne6+} 35. Rh4 Nc6 (35... Nd5 $17 36. Re4 Nf6 37. Ne6+ (37. Re7+ $2 Kf8 $19) 37... Bxe6 38. Rxe6 Ng4+ 39. Kg3 Rd2) 36. Re4 Re8 37. Rxe8 Bxe8 38. Nxc6 Bxc6 $15 {[%emt 0:00:03][%mdl 4096] Endgame KB-KB} 39. Be2 Kf6 40. Bf3 Kf5 41. Kg3 {[%emt 0:00:08] [#]} ({White should play} 41. Bd1 $15) 41... Be4 (41... Bxf3 $1 $17 42. gxf3 g5) 42. Kh4 b6 $1 43. b4 {[%emt 0:01:10] [#]} (43. b3 $15) 43... Bd3 (43... Bxf3 $1 $17 44. gxf3 b5) 44. a3 a5 ({Black should try} 44... Bb5 $15) 45. bxa5 $11 {[%emt 0:00:03] The position is equal.} bxa5 46. Bc6 Be2 47. Bf3 Bxf3 48. gxf3 {[%emt 0:00:04] K3P-K3P} a4 49. Kh3 g5 50. Kg3 Ke5 51. f4+ gxf4+ 52. exf4+ Kf5 (52... Ke4 $5) 53. Kh4 Kxf4 {[%emt 0:00:03] ( -> ...Ke5)} 54. Kxh5 Ke5 {[%emt 0:01:46] Weighted Error Value: White=0.12 (very precise) /Black=0.12 (very precise)} 1/2-1/2

[Event "13th Chennai Open 2022"]
[Site "Chennai"]
[Date "2022.06.20"]
[Round "3.5"]
[White "Stupak, Kirill"]
[Black "Daakshin Arun"]
[Result "1-0"]
[ECO "B07"]
[WhiteElo "2440"]
[BlackElo "2016"]
[Annotator "TA"]
[PlyCount "85"]
[EventDate "2022.06.19"]
[EventType "swiss"]
[EventCountry "IND"]
[SourceTitle "playchess.com"]
[Source "ChessBase"]
[SourceQuality "1"]
[TimeControl "5400+30"]

1. d4 Nf6 2. g3 g6 3. Bg2 Bg7 4. e4 d6 5. Nc3 O-O 6. Nge2 c5 7. dxc5 dxc5 8. Qxd8 Rxd8 9. Be3 Na6 {[%emt 0:02:54] B07: Pirc Defence: Miscellaneous Systems.} 10. h3 {[%emt 0:00:01] Prevents Ng4.} Nd7 (10... Ne8 $11) 11. O-O-O $1 $16 {[%emt 0:00:21] [#]} Re8 $146 {[%emt 0:02:12] White is better.} ({Predecessor:} 11... b6 12. e5 Rb8 13. f4 Bb7 14. Bxb7 Rxb7 15. Rd2 Re8 16. Rhd1 Nab8 17. Ne4 Bh6 {1-0 (34) Pel,B (2247)-Van Foreest,M (1989) Groningen 2017}) 12. Nb5 Nb6 13. b3 {[%emt 0:03:02] Against Nc4} Bd7 14. c4 Bxb5 15. cxb5 Nc7 16. a4 $1 (16. Bxc5 $6 Rac8 17. Kb1 Nxb5 $11) 16... c4 17. e5 (17. a5 cxb3 18. axb6 axb6 $14) (17. Kc2 $1 $16) 17... cxb3 $11 18. Bxb7 Rab8 19. Bc6 {[%emt 0:01:26] Hoping for Bxb6. A strong pair of Bishops.} Rec8 20. Bxb6 Rxb6 (20... axb6 $11 {keeps the balance.} 21. f4 Ne6) 21. f4 $16 f6 22. Bd7 {[%emt 0:00:27] White is more active.} ({White should play} 22. Kb1 $16) 22... Rf8 $11 23. e6 {[%emt 0:01:41][%cal Of4f5] f5! is the strong threat.} f5 (23... Nxe6 $2 24. a5 Rxb5 25. Bxb5 $18) 24. Nd4 b2+ 25. Kb1 {[%emt 0:01:03][%cal Bc1b1,Bb1c2,Bc2b2][%mdl 32] Threatening Nc6.} (25. Kxb2 Rd6 26. Kc3 Nd5+ 27. Kb3 Ne3 $15) 25... Nd5 {[%emt 0:01:20] [#]} (25... Rd6 $2 26. Nc6 Rxd1+ 27. Rxd1 $18) (25... Bf6 $1 $11) 26. Nc6 $1 $36 {[%emt 0:10:18][%mdl 2048] White is on the roll.} ({Reject} 26. Kxb2 $6 Ne3 $11) 26... Nc3+ 27. Kc2 Nxd1 $2 {[%emt 0:06:09] This costs Black the game.} (27... Bf6 $16 {keeps fighting.}) 28. Nxe7+ $18 Kh8 29. Rxd1 {[%emt 0:00:06] Black must now prevent Nc6.} Bf6 30. Nc6 Rb7 31. Ne5 ({Worse is} 31. e7 {[#]} Bxe7 $1 32. Kxb2 (32. Nxe7 Rf7 $16) 32... Bc5 $15) 31... Kg7 (31... a6 {was worth a try.}) 32. Kxb2 Rd8 33. Kb3 Bxe5 34. e7 ({Not} 34. fxe5 Kf8 $16) 34... Rdb8 (34... Re8) 35. fxe5 {[%emt 0:01:05][%mdl 4096] Endgame KRR-KRB} Kf7 36. e8=Q+ Rxe8 37. Bxe8+ Kxe8 {[%emt 0:00:04] KR-KR} 38. Kb4 Ke7 39. Rd6 Rc7 40. a5 Rc1 41. b6 a6 42. Rd3 {[%emt 0:00:31] White threatens b7 and mate.} Rc5 43. Kxc5 {[%emt 0:00:07] Weighted Error Value: White=0.18 (very precise) /Black=0.61} 1-0

[Event "13th Chennai Open 2022"]
[Site "Chennai"]
[Date "2022.06.20"]
[Round "3.6"]
[White "Rohit S"]
[Black "Ajay Karthikeyan"]
[Result "0-1"]
[ECO "B06"]
[WhiteElo "2141"]
[BlackElo "2436"]
[Annotator "TA"]
[PlyCount "62"]
[EventDate "2022.06.19"]
[EventType "swiss"]
[EventCountry "IND"]
[SourceTitle "playchess.com"]
[Source "ChessBase"]
[SourceQuality "1"]
[TimeControl "5400+30"]

1. e4 g6 2. d4 Bg7 3. Nc3 d6 4. Be3 a6 5. g4 Nf6 6. f3 {[%emt 0:06:32] B06: Modern Defence.} h5 7. g5 Nfd7 8. f4 {[%emt 0:03:10] White is slightly better.} b5 {[%emt 0:04:50] [#]} 9. Nf3 $146 ({Predecessor:} 9. Nge2 Nb6 10. Qd3 b4 11. Nd1 a5 12. b3 Ba6 13. Qd2 c5 14. f5 Bb7 15. fxg6 fxg6 {1-0 (31) Rudzinska,M (1867)-Paziak,P (1792) Darlowko 2017}) 9... Bb7 10. b4 (10. d5 $11 {keeps the balance.}) 10... c5 $17 11. a3 ({White should try} 11. bxc5 dxc5 12. Bg2) 11... Nc6 12. Qd2 cxd4 (12... cxb4 13. axb4 Nxb4 14. Rb1 $17) 13. Nxd4 Rc8 14. f5 $2 (14. Rg1 $17) 14... Nxd4 15. Bxd4 Bxd4 16. Qxd4 O-O {[%emt 0:08:48] Strongly threatening ...Qc7.} 17. O-O-O {[%emt 0:04:20] [#]} (17. Rg1 $17) 17... Ne5 $2 (17... Qc7 $1 $19 18. Rd3 gxf5) 18. fxg6 (18. Nd5 $17) 18... Qc7 $19 ({Inferior is} 18... fxg6 19. Bh3 $15) (18... Nxg6 19. Kb2 $15) 19. g7 (19. Kb2 {was worth a try.} Bxe4 20. g7 (20. gxf7+ $2 Rxf7 21. Qxe4 Qxc3+ 22. Kb1 Rf2 $19) 20... Bxh1 21. gxf8=B Rxf8 22. Be2) 19... Kxg7 ({Weaker is} 19... Qxc3 20. Qxc3 Rxc3 21. gxf8=Q+ Kxf8 22. Kb2 $14) 20. Kb2 {[%emt 0:02:27] [#]} Qxc3+ $1 21. Qxc3 Rxc3 22. Kxc3 Bxe4 23. Rg1 $2 (23. Bd3 Rc8+ 24. Kb2 Bxh1 25. Rxh1) 23... Rc8+ 24. Kb2 Rxc2+ 25. Ka1 Rxh2 26. Rc1 (26. a4 $142) 26... h4 {[%emt 0:04:53][%cal Bh5h4,Bh4h3,Bh3h2][%mdl 32] Black is clearly winning.} 27. a4 Rd2 28. axb5 axb5 29. Bxb5 h3 {[%emt 0:02:41] ...h2 is the strong threat.} 30. Ba6 h2 31. Rge1 Bd5 {[%emt 0:00:53] Weighted Error Value: White=0.60/Black=0.16 (very precise)} 0-1

[Event "13th Chennai Open 2022"]
[Site "Chennai"]
[Date "2022.06.20"]
[Round "3.7"]
[White "Nitin, S.."]
[Black "Arpith S Bijoy"]
[Result "1-0"]
[ECO "B12"]
[WhiteElo "2399"]
[BlackElo "1713"]
[Annotator "RC"]
[PlyCount "59"]
[EventDate "2022.06.19"]
[EventType "swiss"]
[EventCountry "IND"]
[SourceTitle "playchess.com"]
[Source "ChessBase"]
[SourceQuality "1"]
[TimeControl "5400+30"]

1. e4 c6 2. d4 d5 3. e5 Bf5 4. Be3 e6 5. Nd2 Qb6 6. Nb3 Nd7 7. Nf3 h6 8. Be2 Bh7 9. O-O Ne7 10. a4 Qc7 11. a5 Nf5 12. Bd2 Be7 13. c4 dxc4 14. Bxc4 O-O 15. Qe2 Rfe8 16. Rac1 Rad8 17. a6 b6 18. Bd3 Nb8 19. Be4 Bf8 20. Qd3 Bg6 21. d5 Qc8 22. d6 Nxd6 23. exd6 f5 24. Bxc6 Nxc6 25. Qb5 Bxd6 26. Rxc6 Qd7 27. Bc3 Bh5 28. Ne5 Bxe5 29. Qxe5 Re7 30. Nd4 1-0

[Event "13th Chennai Open 2022"]
[Site "Chennai"]
[Date "2022.06.20"]
[Round "3.8"]
[White "Dinesh Kumar Jaganathan"]
[Black "Srihari L R"]
[Result "0-1"]
[ECO "B11"]
[WhiteElo "1974"]
[BlackElo "2404"]
[Annotator "TA"]
[PlyCount "80"]
[EventDate "2022.06.19"]
[EventType "swiss"]
[EventCountry "IND"]
[SourceTitle "playchess.com"]
[Source "ChessBase"]
[SourceQuality "1"]
[TimeControl "5400+30"]

1. Nc3 d5 2. e4 c6 3. Nf3 Bg4 4. exd5 cxd5 5. Bb5+ Nc6 6. d4 {[%emt 0:00:30] B11: Caro-Kann: Two Knights Variation.} e6 7. Qd3 Bxf3 8. Qxf3 {[%emt 0:00:30] The position is equal.} Bd6 {[%emt 0:00:30] [#]} 9. Ne2 $146 ({Predecessor:} 9. O-O Qh4 10. h3 Qxd4 11. Rd1 Qf6 12. Qe2 Qe5 13. Qxe5 Bxe5 14. Bd2 a6 15. Bd3 {0-1 (45) Zak,P (1328)-Paliszewski,D (1621) Szczyrk 2014}) 9... Qa5+ 10. Nc3 Nge7 11. O-O Qc7 12. h3 a6 13. Bxc6+ Nxc6 14. Ne2 O-O 15. c3 Na5 16. Nf4 Nc4 17. Nh5 {[%emt 0:00:30] [#] Strongly threatening b3.} f6 18. Re1 Qf7 19. b3 Nb6 20. a4 Rac8 21. Ba3 Bxa3 22. Rxa3 Rc6 23. Raa1 Rfc8 24. Re3 Nd7 25. Rae1 e5 {[%emt 0:00:30] Against Nf4} 26. dxe5 Nxe5 27. Qd1 (27. Qf5 {is interesting.} Rxc3 28. Rd1 R8c7 29. Rxc3 Rxc3 30. f4) 27... Rxc3 28. Rxc3 Rxc3 29. Nf4 {[%emt 0:00:30] Against Rd3} Qd7 30. Qd4 (30. Qd2 $11 Rxb3 31. Qa2) 30... Rxb3 $15 {[%emt 0:00:30] Black is more active.} 31. Rd1 $1 Nc6 32. Qxd5+ (32. Qc5 $15) 32... Qxd5 $17 33. Rxd5 $15 {[%emt 0:00:30][%mdl 4096] Endgame KRN-KRN} ({White should try} 33. Nxd5 Kf7 34. Kf1) 33... Rb4 $17 {[%emt 0:00:30] Black is clearly better.} 34. Ne6 Rxa4 {[%emt 0:00:30] And now ...Kf7 would win.} 35. Rd7 (35. Nd8 $17) 35... Re4 $19 ({And not} 35... Ra1+ 36. Kh2 Re1 37. Nc5 $17) 36. Nc5 Re1+ 37. Kh2 {[%emt 0:00:30] [#]} Re7 $1 38. Rxe7 Nxe7 39. Nxb7 Nf5 40. Kg1 Nd4 {[%emt 0:00:30] Weighted Error Value: White=0.09 (flawless) /Black=0.04 (flawless)} 0-1

[Event "13th Chennai Open 2022"]
[Site "Chennai"]
[Date "2022.06.20"]
[Round "3.9"]
[White "Priyankara, Chamil"]
[Black "Srijit Paul"]
[Result "0-1"]
[ECO "A80"]
[WhiteElo "1938"]
[BlackElo "2399"]
[Annotator "TA"]
[PlyCount "50"]
[EventDate "2022.06.19"]
[EventType "swiss"]
[EventCountry "IND"]
[SourceTitle "playchess.com"]
[Source "ChessBase"]
[SourceQuality "1"]
[TimeControl "5400+30"]

1. d4 f5 2. g4 d5 3. gxf5 Bxf5 4. c4 {[%emt 0:00:00] [#]} e6 $146 ({Predecessor:} 4... Nc6 5. Nf3 Nf6 6. Nc3 Qd7 7. Ne5 Nxe5 8. dxe5 d4 9. Nb5 Ne4 10. f3 a6 11. fxe4 Bxe4 {0-1 (45) Teske,H (2518)-Kadziolka,B (2295) Bad Wiessee 2007}) 5. Nc3 Nc6 6. a3 {[%emt 0:00:00] Inhibits Nb4. A80: Dutch Defence: Unusual White second moves.} Nf6 7. Bg5 h6 8. Bxf6 {[%emt 0:00:00] Black is slightly better.} Qxf6 (8... gxf6 9. cxd5 exd5 10. e3 $14) 9. cxd5 (9. e3 $15) 9... Nxd4 $17 {[%emt 0:00:25] Strongly threatening ...Nc2+.} 10. e4 {[%emt 0:00:00] Qa4+ is the strong threat.} Bg6 {[%emt 0:05:24] Threatens to win with ...Bc5. Active counter play!} 11. Qa4+ c6 12. O-O-O {[%emt 0:00:00] [#]} (12. dxc6 $17 {is a better defense.} Nxc6 13. Bb5) 12... Bc5 $1 $19 13. dxc6 bxc6 ({And not} 13... Nxc6 14. Qc4 Bxf2 15. Bh3 $17) ({Black should try} 13... O-O $19 {[%cal Og6e4] Hoping for ...Bxe4!} 14. Kb1 (14. cxb7 $2 Rab8 $17) 14... Nxc6) 14. Nge2 $17 Nxe2+ 15. Bxe2 O-O 16. f3 (16. Qc4 $17 Bxf2 17. Kb1) 16... Kh8 17. Qc4 Be3+ 18. Kc2 {[%emt 0:00:00] [#]} (18. Kb1 $142) 18... e5 $1 $19 19. Rd7 Bf7 20. Qa6 Rab8 21. Rb7 Bd4 {[%emt 0:00:34] A strong pair of Bishops.} 22. Rf1 (22. Rd1 {was necessary.}) 22... Qf4 23. Qxc6 (23. h3) 23... Qe3 (23... Bxc3 $142 24. bxc3 Qxh2) 24. Re1 $2 (24. Bb5 Qg5 25. Re1 (25. Kb1 $2 Bxc3 26. Rxb8 Rxb8 $19)) 24... Bxc3 25. bxc3 {[%emt 0:00:18] [#]} Rfd8 $1 {[%emt 0:00:08] Weighted Error Value: White=0.85/Black=0.25 (precise)} 0-1

[Event "13th Chennai Open 2022"]
[Site "Chennai"]
[Date "2022.06.20"]
[Round "3.10"]
[White "Nguyen, Duc Hoa"]
[Black "Daksh Goyal"]
[Result "0-1"]
[ECO "B90"]
[WhiteElo "2398"]
[BlackElo "1795"]
[Annotator "TA"]
[PlyCount "72"]
[EventDate "2022.06.19"]
[EventType "swiss"]
[EventCountry "IND"]
[SourceTitle "playchess.com"]
[Source "ChessBase"]
[SourceQuality "1"]
[TimeControl "5400+30"]

1. e4 c5 2. Nf3 d6 3. d4 cxd4 4. Nxd4 Nf6 5. Nc3 a6 6. h4 {[%emt 0:02:19] B90: Sicilian Najdorf: Unusual White 6th moves, 6 Be3 Ng4 and 6 Be3 e5.} e5 7. Nb3 Be7 8. Be2 {[%emt 0:01:26] The position is equal.} Be6 9. f4 {[%emt 0:04:57] [#]} h5 $146 ({Predecessor:} 9... b5 10. fxe5 dxe5 11. Qxd8+ Bxd8 12. Bf3 Nbd7 13. Bd2 Rc8 14. O-O-O Nb6 15. Bg5 b4 {½-½ (73) Martinez Alcantara,J (2598)-So,W (2772) Chess.com INT 2022}) 10. f5 Bc8 11. Bg5 Nbd7 12. g3 b5 13. a4 Bb7 {[%emt 0:06:54] And now ...b4 would win.} 14. axb5 axb5 {[%emt 0:00:52] aiming for ...b4.} 15. Bxf6 Nxf6 16. Bxb5+ Kf8 17. Rxa8 Qxa8 18. Kd2 $2 {[%emt 0:14:45] Now White is beyond hope.} (18. O-O $15) 18... Nxe4+ $19 19. Nxe4 Bxe4 20. Rh2 Qd5+ 21. Bd3 Bf3 22. Qg1 (22. Qf1 {is the only way for White.}) 22... e4 23. Qa7 {[%emt 0:00:06] Threatening mate with Qb8+.} Bd8 24. Qd7 Bb6 {[%emt 0:07:36] Chess con chili.} 25. Qc8+ $2 (25. Qb5 Qxb5 26. Bxb5) 25... Ke7 26. Qxh8 exd3 27. f6+ gxf6 28. Qc8 dxc2+ 29. Kxc2 Bd1+ {[%emt 0:00:51] This bishop pair is nice.} (29... Qd1+ $142 30. Kc3 Bd5) 30. Kb1 Qxb3 31. Rd2 Bg4 32. Qb7+ Kf8 {[%emt 0:00:32] ( -> ...Bf5+)} 33. Qb8+ Kg7 34. Qxd6 Be3 (34... Bf5+ $142 35. Ka1 {[#]} Qc4 $1 36. g4 hxg4 $1 37. Qe7 Bc5 38. Qxc5 Qxc5 39. Ka2 Qa5+ 40. Kb3 Qxd2 41. Kc4 g3 42. h5 g2 43. b3 g1=Q 44. h6+ Kxh6 45. Kb5 Qdd4 46. Ka5 Qc5+ 47. Ka6 Bc8#) 35. Rd5 Qc4 36. Rd1 Bf5+ {[%emt 0:00:23] Weighted Error Value: White=1.10/Black=0.49} 0-1